 Dungeon Crawl Stone Soup version 0.19.1-1-g22dce08 (webtiles) character file.

138 M4edhros the Insei (level 5, 0/31 HPs)
             Began as an Octopode Necromancer on Jan 3, 2017.
             Killed from afar by an orc wizard (7 damage)
             ... with a magic dart
             ... on level 3 of the Dungeon.
             The game lasted 00:09:04 (1282 turns).

M4edhros the Insei (Octopode Necromancer)           Turns: 1282, Time: 00:09:05

Health: 0/31       AC:  1    Str:  6      XL:     5   Next: 21%
Magic:  0/8        EV: 13    Int: 16 (17) God:
Gold:   78         SH:  0    Dex: 11 (13) Spells: 3 memorised, 3 levels left

rFire  . . .     SeeInvis +       - Unarmed
rCold  . . .     Gourm    .     (no shield)
rNeg   . . .     Faith    .     (helmet restricted)
rPois  .         Spirit   .     (no amulet)
rElec  .         Reflect  .     (no ring)
rCorr  .         Harm     .     (no ring)
MR     .....     Clarity  +     (no ring)
Stlth  +++.......               (no ring)
                                (no ring)
                                (no ring)
                                (no ring)
                                (no ring)

@: very slightly contaminated, regenerating
A: almost no armour, stealthy swim, amphibious, 8 rings, constrict 8, tentacle
spike 1, camouflage 1, see invisible, clarity, deterioration 1, regeneration 1,
weak 1, gelatinous body 1, no device heal 1
a: no special abilities


You were on level 3 of the Dungeon.
You were not hungry.

You visited 1 branch of the dungeon, and saw 4 of its levels.

You collected 78 gold pieces.

Inventory:

Missiles
 f - 65 stones (quivered)
Scrolls
 e - 2 scrolls of identify
Potions
 h - 3 potions of brilliance
 i - a potion of magic
Books
 a - a book of Necromancy

   Spells                             Type                      Level
   a - Pain                           Necromancy                   1
   b - Animate Skeleton               Necromancy                   1
   c - Vampiric Draining              Necromancy                   3
   d - Regeneration                   Charms/Necromancy            3
   e - Animate Dead                   Necromancy                   4
   f - Control Undead                 Necromancy                   4
Comestibles
 b - a bread ration
 c - a chunk of flesh
 d - a beef jerky


   Skills:
 - Level 2.0 Dodging
 - Level 2.6 Stealth
 + Level 4.7 Unarmed Combat
 - Level 2.0 Spellcasting
 - Level 4.0 Necromancy


You had 3 spell levels left.
You knew the following spells:

 Your Spells              Type           Power        Failure   Level  Hunger
a - Pain                  Necr           ##..         4%          1    #......
b - Animate Skeleton      Necr           N/A          4%          1    #......
c - Regeneration          Chrm/Necr      #.........   28%         3    ###....


Dungeon Overview and Level Annotations

Branches:
Dungeon (4/15)
 Temple: D:4-7

Altars:
Ashenzari
Dithmenos
Gozag
Kikubaaqudgha
Ru
Yredelemnul
Zin
The Shining One

Annotations:
D:2 Robin
D:3 Eustachio
D:4 Yamifenrir's ghost, novice MiBe


Innate Abilities, Weirdness & Mutations

You cannot wear most types of armour.
You are very stealthy in the water. (Stealth+)
You are amphibious.
You can wear up to eight rings at the same time.
You can use your tentacles to constrict eight enemies at once.
Your skin changes colour to match your surroundings (Stealth+).
Your rubbery body absorbs attacks. (AC +1, EV +1)
One of your tentacles bears a spike.
You have supernaturally acute eyesight. (SInv)
You possess an exceptional clarity of mind.
Your body sometimes deteriorates upon taking damage.
Your natural rate of healing is unusually fast.
You are weak. (Str -2)
Potions and wands are less effective at restoring your health.


Message History

Okay, then.
You aren't carrying any items that you can evoke.
Okay, then.
You barely miss the orc wizard. Your grab misses the orc wizard.
The orc wizard is moderately wounded.
The orc wizard completely misses you.
Unknown command.
You tentacle-slap the orc wizard but do no damage.
Your grab misses the orc wizard.
Your tentacle spike misses the orc wizard.
The orc wizard is moderately wounded.
The orc wizard hits you with a dagger.
* * * LOW HITPOINT WARNING * * *
Unknown command.
Casting: Regeneration
Confirm with . or Enter, or press ? or * to list all spells.
Your skin crawls.
The orc wizard gestures at you while chanting.
The magic dart hits you!
You die...

*.#*,,ogo# *,,,,,,,,,,,,,,,*
*.#*,,,..#****,***,,,***,***,*
*.#*,,,...,,,,,,,,,,,***,* *,*
##.##,**#.###**,,,,,,,**,,* *,* #
#...,,* #...# ******,***,** *,*
###.##..###)#.# *,* *,* *,*
....##........# *#####.# *,* *,*
###.##..####..###......#**,****,*
# #.##..###...oo@..$....,,,,,,,,,
##.##....<...###.####.#********,
##...#.####.#.# *.# *,* *,
#..#...####.#.###.#***,* *,
..###...##.........,,,,* *,
#..#....##......,.#***** *,
##...#..##..#.##### *,
##...........#####*****### *,
#.##..##.........,,,,,..#*****,


You could see an orc wizard and an orc.

Vanquished Creatures
  An orc wizard (D:3)
  A worker ant (D:3)
  3 adders
  2 oozes
  2 worms
  2 dart slugs (D:1)
  2 orcs (D:3)
  2 ball pythons
  4 giant cockroaches
  5 goblins
  2 hobgoblins (D:1)
  3 jackals (D:2)
  A ball python skeleton (D:4)
  3 frilled lizards
  5 kobolds
  5 rats
43 creatures vanquished.

Notes
Turn   | Place    | Note
-------+----------+-------------------------------------------
     0 | D:1      | M4edhros the Octopode Necromancer began the quest for the Orb.
     0 | D:1      | Reached XP level 1. HP: 11/11 MP: 3/3
    27 | D:1      | Learned a level 1 spell: Animate Skeleton
    94 | D:1      | Reached skill level 1 in Unarmed Combat
    98 | D:1      | Reached XP level 2. HP: 10/17 MP: 3/5
   237 | D:2      | Gained mutation: One of your tentacles bears a spike. [potion of mutation]
   237 | D:2      | Gained mutation: Your body sometimes deteriorates upon taking damage. [potion of mutation]
   237 | D:2      | Gained mutation: You have supernaturally acute eyesight. (SInv) [potion of mutation]
   239 | D:2      | Gained mutation: Potions and wands are less effective at restoring your health. [potion of mutation]
   239 | D:2      | Gained mutation: You possess an exceptional clarity of mind. [potion of mutation]
   240 | D:2      | Gained mutation: Your natural rate of healing is unusually fast. [potion of mutation]
   240 | D:2      | Gained mutation: You are weak. (Str -2) [potion of mutation]
   282 | D:2      | Reached XP level 3. HP: 14/21 MP: 1/6
   287 | D:2      | Learned a level 3 spell: Regeneration
   551 | D:2      | Noticed Robin
   593 | D:3      | Reached XP level 4. HP: 9/27 MP: 7/7
   876 | D:3      | Found a shadowy altar of Dithmenos.
   877 | D:3      | Found a basalt altar of Yredelemnul.
   877 | D:3      | Found an opulent altar of Gozag.
   877 | D:3      | Found a glowing silver altar of Zin.
   877 | D:3      | Found a sacrificial altar of Ru.
   879 | D:3      | Found a glowing golden altar of the Shining One.
   881 | D:3      | Found an ancient bone altar of Kikubaaqudgha.
   882 | D:3      | Found a shattered altar of Ashenzari.
   947 | D:4      | Noticed Yamifenrir's ghost (novice MiBe)
   956 | D:4      | Noticed Eustachio
  1092 | D:2      | HP: 1/27 [poisoned by an adder]
  1098 | D:2      | HP: 1/40 [poisoned by an adder]
  1273 | D:3      | Reached XP level 5. HP: 22/31 MP: 2/8
  1282 | D:3      | Killed from afar by an orc wizard

Skill      XL: |  1  2  3  4 |
---------------+-------------+-----
Unarmed Combat | 1 2 3 4 |  4.7
Dodging        | |  2.0
Stealth        | |  2.6
Spellcasting   | |  2.0
Necromancy     | |  4.0

Action                   |  1- 3 |  4- 6 || total
-------------------------+-------+-------++-------
Melee: Unarmed           |    47 |    89 ||   136
       Constrict         |    11 |    16 ||    27
       Tentacles         |    11 |     9 ||    20
       Kick              |    10 |    20 ||    30
       Punch             |     1 |     1 ||     2
 Cast: Pain              |    27 |     5 ||    32
       Animate Skeleton  |     2 |     4 ||     6
       Regeneration      |       |    12 ||    12
  Use: Potion            |     3 |     4 ||     7
       Scroll            |     3 |     6 ||     9
 Stab: Sleeping          |     2 |     3 ||     5
       Invisible         |       |     1 ||     1
  Eat: Chunk             |       |     4 ||     4
Armor: Skin              |     3 |     9 ||    12
Dodge: Dodged            |    25 |    73 ||    98
